AoeStats
← Blue

Arena

509577310Analyzed
2v2 RM · 6d ago on Sep 27, 2026· 30m 59s· 4 players
Game mode
Random Map
Map size
Medium (4 player)
Population
200
Speed
Normal
Resources
Standard
Victory
Conquest
Starting age
Dark Age
Ending age
Imperial Age
RankedLock teamsTeams togetherTeam positionsShared explorationLock speedFull tech treeHidden civsTurbo modeCheats
Victory
Defeat
🇹🇼 Spanish · Taiwan
1599
+12
🇹🇼 Bohemians · Taiwan
1486
+17
🇦🇺 Saxons · Australia
1541
-16
🇦🇺 Maya · Australia
1477
-13
Tensorflow
2:48 Loom
11:19 Feudal Age
15:16 Castle Age
13:14 Double-Bit Axe
13:41 Horse Collar
16:28 Bow Saw
18:32 Fervor
20:17 Wheelbarrow
19:39 Town Watch
21:57 Sanctity
22:28 Heavy Plow
23:44 Fortified Wall
23:44 Masonry
29:05 Imperial Age
28:25 Chemistry
28:00 Hand Cart
28:51 Padded Archer Armor
28:41 Fletching
31:27 Leather Archer Armor
31:21 Wagenburg Tactics
31:37 Conscription
BøM_antihack.exe
10:19 Feudal Age
14:29 Castle Age
12:36 Double-Bit Axe
13:05 Horse Collar
15:52 Bow Saw
23:07 Wheelbarrow
23:27 Loom
23:50 Stone Mining
23:51 Gold Mining
28:04 Imperial Age
27:45 Padded Archer Armor
30:50 Fletching
TDI
10:39 Feudal Age
14:26 Castle Age
12:23 Double-Bit Axe
13:21 Gold Mining
13:20 Loom
15:28 Bow Saw
15:55 Gold Shaft Mining
17:19 Town Watch
21:19 Sanctity
22:27 Clerical Recruitment
24:18 Redemption
26:40 Scale Mail Armor
28:25 Chain Mail Armor
28:22 Atonement
28:27 Atonement
32:00 Wheelbarrow
Blue
0:25 Loom
10:16 Feudal Age
14:21 Castle Age
12:39 Double-Bit Axe
13:13 Horse Collar
14:32 Scale Mail Armor
15:20 Bow Saw
17:06 Eagle Warrior
18:24 Squires
18:30 Scale Mail Armor
19:30 Squires
21:17 Chain Mail Armor
21:53 Arson
22:55 Forging
26:58 Gold Mining
30:40 Imperial Age
29:29 Wheelbarrow
29:51 Heavy Plow
31:38 Iron Casting
32:04 Plate Mail Armor
31:57 Conscription
Connection lost

Rejoining the realm…

Still unreachable

The connection could not be restored.

Session expired

The server has moved on; the page needs a fresh start.